 Dungeon Crawl Stone Soup version 0.27-a0-328-g7f782ed93a (webtiles) character file.

Game seed: 8026383937925819411

112 skwiii the Stinger (level 4, -1/24 HPs)
             Began as a Tengu Venom Mage on Feb 12, 2021.
             Slain by a gnoll
             ... wielding a +0 spear
              (4 damage)
             ... on level 3 of the Dungeon.
             The game lasted 00:09:40 (2808 turns).

skwiii the Stinger (Tengu Venom Mage)               Turns: 2808, Time: 00:09:40

Health: -1/24      AC:  3    Str:  8    XL:     4   Next: 95%
Magic:  1/9        EV: 13    Int: 17    God:
Gold:   226        SH:  0    Dex: 14    Spells: 5/8 levels left

rFire    . . .     SeeInvis .   m - +0 spear
rCold    . . .     Faith    .   (no shield)
rNeg     . . .     Spirit   .   a - +1 robe
rPois    .         Reflect  .   (helmet restricted)
rElec    .         Harm     .   (no cloak)
rCorr    .         Rampage  .   (no gloves)
Will     .....                  (boots unavailable)
Stlth    ++........             (no amulet)
HPRegen  0.08/turn              (no ring)
MPRegen  0.11/turn              (no ring)

@: no status effects
A: beak, talons 3
a: no special abilities


You were on level 3 of the Dungeon.
You visited 1 branch of the dungeon, and saw 3 of its levels.

You collected 226 gold pieces.

Inventory:

Hand Weapons
 m - a +0 spear (weapon)
 n - a +0 flail of protection
Armour
 a - a +1 robe (worn)
Jewellery
 h - a ring of fire {unknown}
Wands
 k - a wand of mindburst (10)
Scrolls
 e - a scroll of immolation {unknown}
 j - 2 scrolls of enchant armour
 l - a scroll of identify {unknown}
Potions
 b - a potion of flight {unknown}
 c - a potion of mutation {unknown}
 d - a potion of resistance {unknown}
 f - a potion of degeneration {unknown}
 g - a potion of lignification {unknown}
 i - a potion of cancellation {unknown}


   Skills:
 + Level 0.5 Polearms
 + Level 2.8 Dodging
 - Level 2.0 Stealth
 * Level 2.9 Spellcasting
 + Level 1.4 Transmutations
 + Level 1.4 Air Magic
 * Level 3.8 Poison Magic


You had 5 spell levels left.
You knew the following spells:

 Your Spells              Type           Power        Failure   Level
a - Sting                 Tmut/Pois      44%          6%          1
b - Poisonous Vapours     Pois/Air       22%          9%          2

Your spell library contained the following spells:

 Spells                   Type           Power        Failure   Level
 Ignite Poison            Fire/Tmut/Pois 8%           26%         3
 Mephitic Cloud           Conj/Pois/Air  8%           26%         3
 Olgreb's Toxic Radiance  Pois           15%          34%         4


Dungeon Overview and Level Annotations

Branches:
Dungeon (3/15)

Altars:
Elyvilon
Ru


Innate Abilities, Weirdness & Mutations

You have a beak for a mouth.
You have claws for feet.


Message History

Confirm with . or Enter, or press ? or * to list all spells.
You don't have enough magic to cast this spell.
Unknown command.
Unknown command.
You feel a bit more experienced.
Your magical contamination has completely faded away.
The gnoll throws a throwing net.
The throwing net hits you.
You become entangled in the net!
You see here a throwing net.
You struggle against the net.
Casting: Poisonous Vapours (safe; 9% risk of failure)
Confirm with . or Enter, or press ? or * to list all spells.
Aiming: Poisonous Vapours (safe; 9% risk of failure)
Press: ? - help, Dir - move target, f - gnoll
Aim: a gnoll, wielding a +0 spear You miscast Poisonous Vapours.
You are very lightly contaminated with residual magic.
Nothing appears to happen.
You struggle against the net.
The gnoll closely misses you.
You rip the net and break free!
The gnoll hits you from afar with a +0 spear.
The gnoll barely misses you.
Your magical contamination has completely faded away.
The gnoll hits you from afar with a +0 spear.
The gnoll hits you from afar with a +0 spear.
You hear the rusting of a very distant drain.
Casting: Poisonous Vapours (safe; 9% risk of failure)
Confirm with . or Enter, or press ? or * to list all spells.
Aiming: Poisonous Vapours (safe; 9% risk of failure)
Press: ? - help, Dir - move target, f/p - gnoll
Aim: a gnoll, wielding a +0 spear Poisonous vapours surround the gnoll!
The gnoll is engulfed in poison gas.
The gnoll is poisoned.
The gnoll hits you from afar with a +0 spear!
* * * LOW HITPOINT WARNING * * *
There is a stone staircase leading up here.
You can't go down here!
The gnoll looks more healthy.
The gnoll hits you from afar with a +0 spear.
You die...

############
##..........##
##............##
#>.............#
#..............#
#####.........g.@†.#
#...#.........g....#######
..............)[.........#
).................######.#
......#..........##
......####.#.#####
......####.#..#
......)....##.##
...........##..#


You could see 2 gnolls.

Vanquished Creatures
  A gnoll (D:3)
  3 adders (D:2)
  4 oozes
  A worm (D:2)
  2 dart slugs (D:2)
  2 leopard geckos
  3 orcs
  3 goblins
  6 hobgoblins
  9 jackals
  2 ball pythons
  4 bats
  5 kobolds
  3 rats
48 creatures vanquished.

Vanquished Creatures (others)
  7 fungi (D:2)
  17 plants (D:2)
  5 toadstools (D:2)
29 creatures vanquished.

Grand Total: 77 creatures vanquished

Notes
Turn   | Place    | Note
-------+----------+-------------------------------------------
     0 | D:1      | skwiii the Tengu Venom Mage began the quest for the Orb.
     0 | D:1      | Reached XP level 1. HP: 10/10 MP: 4/4
   337 | D:1      | Reached XP level 2. HP: 15/15 MP: 3/6
   401 | D:1      | Reached skill level 1 in Transmutations
   909 | D:1      | Reached XP level 3. HP: 19/19 MP: 4/7
   950 | D:1      | Learned a level 2 spell: Poisonous Vapours
  1414 | D:2      | Found a sacrificial altar of Ru.
  1787 | D:2      | Reached skill level 1 in Air Magic
  1787 | D:2      | Reached XP level 4. HP: 19/24 MP: 1/8
  2272 | D:2      | Found a white marble altar of Elyvilon.
  2808 | D:3      | Slain by a gnoll

Illustrated notes

Levels and vault maps discovered:
D:1:      sevenhm_arrival_forest_fort_small_6, layout_basic
D:2:      layout_rooms, nicolae_ru_awakened_eye, lemuel_doored_altar,
          serial_bayou_pond_c, minmay_strange_pillars, minmay_gold_behind_fungi
D:3:      layout_rooms, regret_index_temple_of_mockery,
          gammafunk_ghost_necromancy, gup_sewer_entry_bubbles

Skill      XL: |  1  2  3 |
---------------+----------+-----
Transmutations | 1 |  1.4
Air Magic      | 1 |  1.4
Polearms       | |  0.5
Dodging        | |  2.8
Stealth        | |  2.0
Spellcasting   | |  2.9
Poison Magic   | |  3.8

Action                   |  1- 3 |  4- 6 || total
-------------------------+-------+-------++-------
Melee: Unarmed           |     5 |       ||     5
       Kick              |     1 |       ||     1
       Peck              |     1 |       ||     1
 Cast: Sting             |    36 |    12 ||    48
       Poisonous Vapours |    19 |    18 ||    37
  Use: Scroll            |       |     1 ||     1
Armor: Robe              |     5 |     8 ||    13
Dodge: Dodged            |    28 |    26 ||    54

Table legend: (Time is in decaauts)
 A = Elapsed time spent in this place.
 B = Non-inter-level travel time spent in this place.
 C = Inter-level travel time spent in this place.
 D = Time resting spent in this place.
 E = Time spent auto-exploring this place.
 F = Levels seen in this place.
 G = Mean time per level.
                   A        B        C        D        E       F      G
               +--------+--------+--------+--------+--------+-----+--------+
         Total |   2810 |   2785 |     25 |    771 |   1228 |   3 |  936.7 |
       Dungeon |   2810 |   2785 |     25 |    771 |   1228 |   3 |  936.7 |
               +--------+--------+--------+--------+--------+-----+--------+

Top non-repeatable levels by time:
     D:1: 1399 daAuts
     D:2: 1241 daAuts
     D:3: 170 daAuts
